3L
CAPITAL DISTRICT RED KNIGHTS @ MONTANA PANDAS
08/11/2028
 
TOP OF THE 1ST
Capital District Red Knights batting - Pitching for Montana Pandas : RHP Jeff Krause
Pitching: RHP Jeff Krause
Batting: RHB Mario Álvarez 0-0: Foul Ball, location: 2F
0-1: Swinging Strike
0-2: Ball
1-2: Ground out 5-3 (Groundball, 56)
Batting: LHB William O'Keefe 0-0: Called Strike
0-1: Ball
1-1: Ball
2-1: Called Strike
2-2: Foul Ball, location: 2F
2-2: Ball
3-2: Foul Ball, location: 2F
3-2: Base on Balls
Batting: RHB Sergio Ortíz 0-0: Called Strike
0-1: Foul Ball, location: 2F
0-2: Ball
1-2: Ball
2-2: Grounds into double play, 4-6-3 (Groundball, 4)
Top of the 1st over - 0 run(s), 0 hit(s), 0 error(s), 0 left on base; Capital District 0 - Montana 0
BOTTOM OF THE 1ST
Montana Pandas batting - Pitching for Capital District Red Knights : RHP Juan Montoya
Pitching: RHP Juan Montoya
Batting: RHB Arturo Mateo 0-0: Ball
1-0: Called Strike
1-1: Ball
2-1: Reached via error on a dropped throw, E3
Batting: RHB Jesús Vásquez 0-0: Ball
Arturo Mateo is caught stealing 2nd base
1-0: Called Strike
1-1: Swinging Strike
1-2: Foul Ball, location: 2F
1-2: Ball
2-2: Foul Ball, location: 2F
2-2: Strikes out swinging
Batting: SHB Jake Richardson 0-0: Ball
1-0: SINGLE (Groundball, 4MD)
Batting: SHB Ramiro Salazar 0-0: Ball
1-0: Foul Ball, location: 2F
1-1: Ball
2-1: Called Strike
2-2: 2-RUN HOME RUN (Flyball, 7D), Distance : 349 ft
Batting: RHB Pancho Salaedo 0-0: Fly out, F8 (Flyball, 8LS)
Bottom of the 1st over - 2 run(s), 2 hit(s), 1 error(s), 0 left on base; Capital District 0 - Montana 2
TOP OF THE 2ND
Capital District Red Knights batting - Pitching for Montana Pandas : RHP Jeff Krause
Batting: RHB Arnold Giroux 0-0: Called Strike
0-1: Ball
1-1: Ball
2-1: SINGLE (Groundball, 6MD)
Batting: RHB Pedro Álvarez 0-0: Ball
1-0: Foul Ball, location: 2F
1-1: Swinging Strike
1-2: Ball
2-2: DOUBLE (Line Drive, 7LM)
Arnold Giroux to third
Batting: LHB Francisco Sánchez 0-0: Ball
Wild Pitch!
Arnold Giroux scores
Pedro Álvarez to third
1-0: Called Strike
1-1: Ball
2-1: Ground out U3 (Groundball, 3)
Batting: RHB José Paz 0-0: Ground out 6-3 (Groundball, 6M)
Pedro Álvarez scores
Batting: RHB Danilo Mosca 0-0: Ball
1-0: Called Strike
1-1: Ball
2-1: Ball
3-1: Base on Balls
Batting: RHB Leo Cadden 0-0: Ball
Danilo Mosca steals 2nd base
1-0: Called Strike
1-1: Ball
2-1: Foul Ball, location: 2F
2-2: SINGLE (Line Drive, 78M)
Danilo Mosca to third
Throwing error, E7
Danilo Mosca scores
Leo Cadden to second
Batting: RHB Mario Álvarez 0-0: Ball
1-0: DOUBLE (Flyball, 78XD)
Leo Cadden scores
Batting: LHB William O'Keefe 0-0: Ground out 4-3 (Groundball, 34D)
Top of the 2nd over - 4 run(s), 4 hit(s), 1 error(s), 1 left on base; Capital District 4 - Montana 2
BOTTOM OF THE 2ND
Montana Pandas batting - Pitching for Capital District Red Knights : RHP Juan Montoya
Batting: RHB Alex McNeill 0-0: SINGLE (Line Drive, 7S)
Batting: RHB José García 0-0: DOUBLE (Line Drive, 8RD)
Alex McNeill to third
Batting: RHB He-ping Zhong 0-0: Ball
1-0: Ball
2-0: Ball
3-0: Called Strike
3-1: Foul Ball, location: 2F
3-2: Strikes out swinging
Batting: RHB Elder Sarrano 0-0: Ball
1-0: Ball
2-0: Called Strike
2-1: Swinging Strike
2-2: Foul Ball, location: 2F
2-2: Strikes out swinging
Batting: RHB Arturo Mateo 0-0: SINGLE (Flyball, 78M)
Alex McNeill scores
José García to third
Batting: RHB Jesús Vásquez 0-0: Called Strike
0-1: Ball
1-1: Foul Ball, location: 2F
1-2: SINGLE (Line Drive, 8LS)
José García scores
Arturo Mateo to second
Batting: SHB Jake Richardson 0-0: Called Strike
0-1: Fly out, F9 (Flyball, 9D)
Bottom of the 2nd over - 2 run(s), 4 hit(s), 0 error(s), 2 left on base; Capital District 4 - Montana 4
TOP OF THE 3RD
Capital District Red Knights batting - Pitching for Montana Pandas : RHP Jeff Krause
Batting: RHB Sergio Ortíz 0-0: Called Strike
0-1: Ball
1-1: Fly out, F9 (Flyball, 9)
Batting: RHB Arnold Giroux 0-0: Foul Ball, location: 2F
0-1: Ball
1-1: DOUBLE (Flyball, 9LM)
Batting: RHB Pedro Álvarez 0-0: Fly out, F4 (Line Drive, 4)
Batting: LHB Francisco Sánchez 0-0: Swinging Strike
0-1: Ball
1-1: Foul Ball, location: 2F
1-2: Ball
2-2: Ball
3-2: Foul Ball, location: 2F
3-2: Base on Balls
Batting: RHB José Paz 0-0: Ball
1-0: Called Strike
1-1: Ball
2-1: Fly out, F6 (Line Drive, 6)
Top of the 3rd over - 0 run(s), 1 hit(s), 0 error(s), 2 left on base; Capital District 4 - Montana 4
BOTTOM OF THE 3RD
Montana Pandas batting - Pitching for Capital District Red Knights : RHP Juan Montoya
Batting: SHB Ramiro Salazar 0-0: Ball
1-0: Called Strike
1-1: Ball
2-1: Ground out 4-3 (Groundball, 34)
Batting: RHB Pancho Salaedo 0-0: Foul Ball, location: 2F
0-1: Ball
1-1: Swinging Strike
1-2: Ball
2-2: Ball
3-2: Foul Ball, location: 2F
3-2: Base on Balls
Batting: RHB Alex McNeill 0-0: Grounds into double play, 5-4-3 (Groundball, 56)
Bottom of the 3rd over - 0 run(s), 0 hit(s), 0 error(s), 0 left on base; Capital District 4 - Montana 4
TOP OF THE 4TH
Capital District Red Knights batting - Pitching for Montana Pandas : RHP Jeff Krause
Batting: RHB Danilo Mosca 0-0: Ball
1-0: SINGLE (Groundball, 6D)
Batting: RHB Leo Cadden 0-0: Ball
1-0: DOUBLE (Line Drive, 7LM)
Danilo Mosca to third
Batting: RHB Mario Álvarez 0-0: Called Strike
0-1: Ball
1-1: Ball
2-1: Foul Ball, location: 2F
2-2: Ground out 5-3 (Groundball, 5S)
Batting: LHB William O'Keefe 0-0: Ball
1-0: Ball
2-0: Ball
3-0: Called Strike
3-1: Foul Ball, location: 2F
3-2: DOUBLE (Line Drive, 7LM)
Danilo Mosca scores
Leo Cadden scores
Batting: RHB Sergio Ortíz 0-0: Called Strike
0-1: Called Strike
0-2: Ball
1-2: Fly out, F8 (Flyball, 8RM)
Batting: RHB Arnold Giroux 0-0: Ball
1-0: Ball
2-0: Ball
3-0: Called Strike
3-1: Called Strike
3-2: Foul Ball, location: 2F
3-2: 2-RUN HOME RUN (Flyball, 7D), Distance : 349 ft
Batting: RHB Pedro Álvarez 0-0: Called Strike
0-1: Ball
1-1: Foul Ball, location: 2F
1-2: Foul Ball, location: 2F
1-2: Ball
2-2: Ground out 6-3 (Groundball, 6)
Top of the 4th over - 4 run(s), 4 hit(s), 0 error(s), 0 left on base; Capital District 8 - Montana 4
BOTTOM OF THE 4TH
Montana Pandas batting - Pitching for Capital District Red Knights : RHP Juan Montoya
Batting: RHB José García 0-0: Ball
1-0: Ball
2-0: Foul Ball, location: 2F
2-1: Foul Ball, location: 2F
2-2: Ball
3-2: Foul Ball, location: 2F
3-2: Foul Ball, location: 2F
3-2: Ground out U3 (Groundball, 34S)
Batting: RHB He-ping Zhong 0-0: SINGLE (Flyball, 8RM) - OUT at second base trying to stretch hit.
Batting: RHB Elder Sarrano 0-0: Foul Ball, location: 2F
0-1: Ground out 6-3 (Groundball, 6)
Bottom of the 4th over - 0 run(s), 1 hit(s), 0 error(s), 0 left on base; Capital District 8 - Montana 4
TOP OF THE 5TH
Capital District Red Knights batting - Pitching for Montana Pandas : RHP Jeff Krause
Batting: LHB Francisco Sánchez 0-0: Ball
1-0: Ball
2-0: Called Strike
2-1: Foul Ball, location: 2F
2-2: DOUBLE (Flyball, 78D)
Batting: RHB José Paz 0-0: Called Strike
0-1: Foul Ball, location: 2F
0-2: Strikes out swinging
Batting: RHB Danilo Mosca 0-0: Called Strike
0-1: Ball
1-1: Called Strike
1-2: SINGLE (Groundball, 56) (infield hit)
Francisco Sánchez to third
Pitching: RHP Pancho Chacón
Batting: RHB Leo Cadden 0-0: DOUBLE (Line Drive, 89M)
Francisco Sánchez scores
Danilo Mosca to third
Runner from 3rd tries for Home, SAFE, no throw
Batting: RHB Mario Álvarez 0-0: SINGLE (Groundball, 6D)
Leo Cadden to third
Throwing error, E7
Leo Cadden scores
Mario Álvarez to second
Batting: LHB William O'Keefe 0-0: Ball
1-0: Ball
2-0: Ball
3-0: Called Strike
3-1: SINGLE (Line Drive, 89S)
Mario Álvarez to third
Batting: RHB Sergio Ortíz 0-0: Ball
1-0: Fly out, F9 (Flyball, 89M)
Runner from 3rd tags up, SCORES, no throw
Batting: RHB Arnold Giroux 0-0: Foul Ball, location: 2F
0-1: Ball
1-1: Ball
2-1: Foul Ball, location: 2F
2-2: Ball
3-2: Fly out, F4 (Popup, 34D)
Top of the 5th over - 4 run(s), 5 hit(s), 1 error(s), 1 left on base; Capital District 12 - Montana 4
BOTTOM OF THE 5TH
Montana Pandas batting - Pitching for Capital District Red Knights : RHP Juan Montoya
Batting: RHB Arturo Mateo 0-0: Called Strike
0-1: Fly out, F4 (Popup, 4)
Batting: RHB Jesús Vásquez 0-0: Ball
1-0: Foul Ball, location: 2F
1-1: Ball
2-1: Called Strike
2-2: Ball
3-2: Foul Ball, location: 2F
3-2: Fly out, F6 (Line Drive, 56)
Batting: SHB Jake Richardson 0-0: Swinging Strike
0-1: Ball
1-1: Ball
2-1: Foul Ball, location: 2F
2-2: Ball
3-2: Ground out 4-3 (Groundball, 4)
Bottom of the 5th over - 0 run(s), 0 hit(s), 0 error(s), 0 left on base; Capital District 12 - Montana 4
TOP OF THE 6TH
Capital District Red Knights batting - Pitching for Montana Pandas : RHP Pancho Chacón
Batting: RHB Pedro Álvarez 0-0: Called Strike
0-1: Fly out, F8 (Flyball, 8LM)
Batting: LHB Francisco Sánchez 0-0: DOUBLE (Line Drive, 78D)
Batting: RHB José Paz 0-0: Ball
1-0: Swinging Strike
1-1: Foul Ball, location: 2F
1-2: SINGLE (Flyball, 9LS)
Francisco Sánchez to third
Batting: RHB Danilo Mosca 0-0: SINGLE (Groundball, 6S) (infield hit)
Francisco Sánchez scores
José Paz to second
Batting: RHB Leo Cadden 0-0: Fly out, F7 (Flyball, 7)
Batting: RHB Mario Álvarez 0-0: Foul Ball, location: 2F
0-1: SINGLE (Line Drive, 6MD)
José Paz to third
Danilo Mosca to second
Batting: LHB William O'Keefe 0-0: Foul Ball, location: 2F
0-1: Fielders Choice at 2nd, 4-6 (Groundball, 4)
Top of the 6th over - 1 run(s), 4 hit(s), 0 error(s), 2 left on base; Capital District 13 - Montana 4
BOTTOM OF THE 6TH
Montana Pandas batting - Pitching for Capital District Red Knights : RHP Juan Montoya
Batting: SHB Ramiro Salazar 0-0: Ball
1-0: Ball
2-0: Swinging Strike
2-1: Foul Ball, location: 2F
2-2: Strikes out swinging
Batting: RHB Pancho Salaedo 0-0: Swinging Strike
0-1: Ball
1-1: Ball
2-1: Ground out 1-3 (Groundball, P)
Batting: RHB Alex McNeill 0-0: Called Strike
0-1: Ground out 4-3 (Groundball, 4M)
Bottom of the 6th over - 0 run(s), 0 hit(s), 0 error(s), 0 left on base; Capital District 13 - Montana 4
TOP OF THE 7TH
Capital District Red Knights batting - Pitching for Montana Pandas : RHP Pancho Chacón
Batting: RHB Sergio Ortíz 0-0: Ball
1-0: Swinging Strike
1-1: Foul Ball, location: 2F
1-2: Foul Ball, location: 2F
1-2: SINGLE (Groundball, 34D)
Batting: RHB Arnold Giroux 0-0: Ball
1-0: Fly out, F8 (Flyball, 8RD)
Batting: RHB Pedro Álvarez 0-0: Foul Ball, location: 2F
0-1: Foul Ball, location: 2F
0-2: Ball
1-2: Strikes out swinging
Batting: LHB Francisco Sánchez 0-0: Ball
1-0: Ball
2-0: SINGLE (Groundball, 34D)
Sergio Ortíz to second
Runner from 2nd tries for 3rd, SAFE, throw made to third
Batting: RHB José Paz 0-0: Ball
1-0: Foul Ball, location: 2F
1-1: Foul Ball, location: 2F
1-2: Ball
2-2: SINGLE (Groundball, 56D)
Sergio Ortíz scores
Francisco Sánchez to second
Pitching: RHP William Peck
Batting: RHB Danilo Mosca 0-0: Called Strike
0-1: Ball
1-1: Foul Ball, location: 2F
1-2: Foul Ball, location: 2F
1-2: Fly out, F7 (Flyball, 7)
Top of the 7th over - 1 run(s), 3 hit(s), 0 error(s), 2 left on base; Capital District 14 - Montana 4
BOTTOM OF THE 7TH
Montana Pandas batting - Pitching for Capital District Red Knights : RHP Juan Montoya
Batting: RHB José García 0-0: Ball
1-0: Called Strike
1-1: Ball
2-1: Ball
3-1: Foul Ball, location: 2F
3-2: Foul Ball, location: 2F
3-2: SINGLE (Groundball, 56D)
Batting: RHB He-ping Zhong 0-0: Foul Ball, location: 2F
0-1: Grounds into double play, 3-6-1 (Groundball, 34)
Batting: RHB Elder Sarrano 0-0: Ball
1-0: Ball
2-0: Swinging Strike
2-1: SINGLE (Flyball, 8RS)
Batting: RHB Arturo Mateo 0-0: Called Strike
Elder Sarrano is caught stealing 2nd base
Bottom of the 7th over - 0 run(s), 2 hit(s), 0 error(s), 0 left on base; Capital District 14 - Montana 4
TOP OF THE 8TH
Capital District Red Knights batting - Pitching for Montana Pandas : RHP William Peck
Pinch Hitting: RHB Alfonso Enríquez 0-0: Ball
1-0: Ground out 4-3 (Groundball, 4)
Batting: RHB Mario Álvarez 0-0: Called Strike
0-1: Fly out, F9 (Flyball, 9)
Batting: LHB William O'Keefe 0-0: Ball
1-0: SINGLE (Groundball, 3D)
Batting: RHB Sergio Ortíz 0-0: Ball
1-0: 2-RUN HOME RUN (Flyball, 7LD), Distance : 326 ft
Batting: RHB Arnold Giroux 0-0: Ball
1-0: Ball
2-0: Swinging Strike
2-1: Foul Ball, location: 2F
2-2: Foul Ball, location: 2F
2-2: SINGLE (Line Drive, 34D)
Batting: RHB Pedro Álvarez 0-0: Swinging Strike
0-1: Foul Ball, location: 2F
0-2: Fly out, F9 (Flyball, 9LS)
Top of the 8th over - 2 run(s), 3 hit(s), 0 error(s), 1 left on base; Capital District 16 - Montana 4
BOTTOM OF THE 8TH
Montana Pandas batting - Pitching for Capital District Red Knights : RHP Juan Montoya
Now in CF: Randy Tucker
Batting: RHB Arturo Mateo 0-0: Swinging Strike
0-1: Ball
1-1: Ground out U3 (Groundball, 34)
Batting: RHB Jesús Vásquez 0-0: Ball
1-0: Foul Ball, location: 2F
1-1: Swinging Strike
1-2: Ball
2-2: Foul Ball, location: 2F
2-2: Ball
3-2: Ground out 6-3 (Groundball, 6)
Batting: SHB Jake Richardson 0-0: Ball
1-0: Ground out 6-3 (Groundball, 6)
Bottom of the 8th over - 0 run(s), 0 hit(s), 0 error(s), 0 left on base; Capital District 16 - Montana 4
TOP OF THE 9TH
Capital District Red Knights batting - Pitching for Montana Pandas : RHP William Peck
Batting: LHB Francisco Sánchez 0-0: Called Strike
0-1: Ball
1-1: Ball
2-1: Foul Ball, location: 2F
2-2: Foul Ball, location: 2F
2-2: SINGLE (Line Drive, 78S)
Batting: RHB José Paz 0-0: Ball
1-0: Ground out 5-3 (Groundball, 5S)
Francisco Sánchez to second
Batting: RHB Danilo Mosca 0-0: Called Strike
0-1: Ball
1-1: Called Strike
1-2: Foul Ball, location: 2F
1-2: Strikes out looking
Batting: RHB Randy Tucker 0-0: Ball
1-0: Called Strike
1-1: Ground out 5-3 (Groundball, 5)
Top of the 9th over - 0 run(s), 1 hit(s), 0 error(s), 1 left on base; Capital District 16 - Montana 4
BOTTOM OF THE 9TH
Montana Pandas batting - Pitching for Capital District Red Knights : RHP Juan Montoya
Now in CF: Arturo Hernández
Pinch Hitting: RHB José Colón 0-0: Ground out 6-3 (Groundball, 56)
Batting: RHB Pancho Salaedo 0-0: Called Strike
0-1: Ground out 6-3 (Groundball, 56)
Batting: RHB Alex McNeill 0-0: Called Strike
0-1: Called Strike
0-2: Ball
1-2: Foul Ball, location: 2F
1-2: Ball
2-2: SINGLE (Groundball, 4MD)
Pitching: RHP Oswaldo Mobray
Batting: RHB José García 0-0: Ball
1-0: Foul Ball, location: 2F
1-1: Ball
2-1: Ground out 5-3 (Groundball, 25)
Bottom of the 9th over - 0 run(s), 1 hit(s), 0 error(s), 1 left on base; Capital District 16 - Montana 4
Thursday, August 24th, 2017 - OOTP Baseball 17.12 Build 75